[Event "Sera di Lampi"]
[Site "Chess.com"]
[Date "2020.04.18"]
[Round "1"]
[White "rob_fio"]
[Black "SpessoInstabile"]
[Result "1-0"]
[WhiteElo "1671"]
[BlackElo "1345"]
[TimeControl "300+2"]
[EndTime "11:35:28 PDT"]
[Termination "rob_fio ha vinto per scaccomatto"]

1. d4 c5 2. c3 cxd4 3. cxd4 e6 4. e3 a6 5. Bd3 Qc7 6. f4 d6 7. Nf3 Nf6 8. Nbd2 Nbd7 9. O-O b5 10. a3 Bb7 11. b4 Be7 12. Bb2 O-O 13. Rb1 Rfc8 14. Ng5 h6 15. Ngf3 Bxf3 16. Qxf3 Qd8 17. Ne4 d5 18. Nxf6+ Nxf6 19. Qe2 Bf8 20. Bc1 Qc7 21. Bd2 Qb7 22. Rf3 Rc7 23. Rh3 Ne4 24. Bxe4 dxe4 25. Qf2 Be7 26. Qg3 Kh7 27. Qg4 Bf6 28. f5 e5 29.
dxe5 Bxe5 30. Be1 Bf6 31. Bg3 Rc3 32. Bf4 Qc6 33. Rd1 Rc8 34. Qh5 Qc4 35. Bxh6 Kg8 36.
Bg5 Qc6 37. Qh8# 1-0

[Event "Sera di Lampi"]
[Site "Chess.com"]
[Date "2020.04.18"]
[Round "1"]
[White "sirmale49"]
[Black "mr6701"]
[Result "0-1"]
[WhiteElo "1388"]
[BlackElo "1976"]
[TimeControl "300+2"]
[EndTime "11:38:50 PDT"]
[Termination "mr6701 ha vinto per tempo"]

1. e4 d5 2. exd5 Nf6 3. Nc3 Nxd5 4. Nxd5 Qxd5 5. Qe2 Nc6 6. Nf3 Bg4 7. h3 Bh5 8. c3 e5 9. d4 e4 10. c4 Bb4+ 11.
Bd2 Qf5 12. g4 Qxf3 13. Qxf3 exf3 14. gxh5 Bxd2+ 15. Kxd2 Nxd4 16. Re1+ Ne6 0-1

[Event "Sera di Lampi"]
[Site "Chess.com"]
[Date "2020.04.18"]
[Round "1"]
[White "SanSecondoPR"]
[Black "BAKR1980"]
[Result "0-1"]
[WhiteElo "1297"]
[BlackElo "1568"]
[TimeControl "300+2"]
[EndTime "11:41:37 PDT"]
[Termination "BAKR1980 ha vinto per tempo"]

1. e4 e5 2. d4 exd4 3. c3 dxc3 4. Bc4 cxb2 5. Bxb2 Bb4+ 6. Nd2 Nf6 7. Bxf7+ Kxf7 8. Qb3+ d5 9. Qxb4 Nc6 10. Qb3 Re8 11.
Ne2 Rb8 12. O-O Nxe4 13. Nxe4 Rxe4 14. Ng3 Re8 15. Rad1 Be6 16. Qc3 Qg5 17. h4 Qg6 18. Qf3+ Kg8 19. h5 Qf7 20. Qc3 d4 21. Qd3 Bc4 22.
Qd2 Bxf1 23. Rxf1 Rbd8 24. Ne2 Qxa2 25. Ra1 Qe6 26. Nf4 Qe4 27. h6 Rf8 28. g3 Ne5 29. Qb4 Nf3+ 30. Kf1 d3 31. Qxe4 Nd2+ 0-1

[Event "Sera di Lampi"]
[Site "Chess.com"]
[Date "2020.04.18"]
[Round "1"]
[White "pedrak"]
[Black "crippo"]
[Result "0-1"]
[WhiteElo "2060"]
[BlackElo "1567"]
[TimeControl "300+2"]
[EndTime "11:44:57 PDT"]
[Termination "crippo ha vinto per abbandono"]

1. d4 d5 2. Nf3 e6 3. Bf4 Nf6 4. e3 Bd6 5. Bg3 Bxg3 6. hxg3 Nc6 7. Nbd2 Bd7 8. c3 Qe7 9. Ne5 Ne4 10. Bd3 f5 11.
Nf1 O-O-O 12. Nxc6 Bxc6 13. Qc2 Qd7 14. f3 Nd6 15.
O-O-O Ba4 16. b3 Bb5 17. Kb2 Kb8 18. Nd2 Rc8 19. Bxb5 Qxb5 20. a4 Qd7 21. Ra1 c5 22. dxc5 Rxc5 23. Qd3 a6 24. b4 Rc7 25. Ra3 g6 26. Rd1 Rhc8 27. e4 fxe4 28. fxe4 dxe4 29. Nxe4 Nc4+ 30. Qxc4 Qxd1 31. Qxe6 Qe2+ 32. Kb3 Qxg2 33. Ra2 Qf3 34. Rc2 Ka8 35. Qe5 Qf7+ 36. Kb2 Re7 37. Qd4 Qe6 38. Nc5 Qc6 39. Rd2 Rec7 40. Rd3 Qg2+ 41. Kb3 Qc6 42. Re3 Re8 43. Rxe8+ Qxe8 44. Qd5 Qf7 45. Ne6 Rd7 46. Qc4 Re7 47. Qc8+ Ka7 48.
Qc5+ Kb8 49. Qe5+ Ka8 50. Qc5 Qxe6+ 51. Ka3 Re8 52. a5 Rc8 53. Qd4 Qc6 54. Kb3 Qb5 55.
Qe4 Rd8 56. c4 Qd7 57. Kc3 Qg7+ 58. Kb3 Qa1 59. c5 Qd1+ 60. Kc3 Qc1+ 61. Kb3 Qd2 62. Qe7 Qd3+ 63. Kb2 Qd4+ 64. Kb3 Qd5+ 65. Kb2 Qd7 66. Qe4 Re8 67. Qc4 Qd2+ 68. Kb3 Re3+ 69. Ka4 Qd1+ 0-1

[Event "Sera di Lampi"]
[Site "Chess.com"]
[Date "2020.04.18"]
[Round "2"]
[White "SpessoInstabile"]
[Black "pedrak"]
[Result "0-1"]
[WhiteElo "1345"]
[BlackElo "2061"]
[TimeControl "300+2"]
[EndTime "11:50:02 PDT"]
[Termination "pedrak ha vinto per abbandono"]

1. d4 Nf6 2. c4 d6 3. Nf3 Nbd7 4.
Nc3 e5 5. d5 Be7 6. e4 O-O 7.
Be2 a5 8. a3 Nc5 9. Qc2 h6 10.
Be3 b6 11. Bxc5 bxc5 12. O-O Bg4 13. Ne1 Bxe2 14. Qxe2 Nh7 15. h3 f5 16. exf5 Rxf5 17. Qe4 Rf7 18. Nf3 Nf6 19. Qe3 Qd7 20. Rfe1 Raf8 21. Nh2 Nh5 22. Re2 Bg5 23. Qe4 Nf4 24.
Ree1 Nxh3+ 25. gxh3 Qxh3 26. Qg2 Qh4 27. Re2 Bf4 28.
Nf3 Qh5 29. Rae1 Rf6 30. Nd2 Rg6 31. Qxg6 Qxg6+ 32. Kh1 Qh5+ 0-1

[Event "Sera di Lampi"]
[Site "Chess.com"]
[Date "2020.04.18"]
[Round "2"]
[White "ottovolante"]
[Black "rob_fio"]
[Result "1-0"]
[WhiteElo "1159"]
[BlackElo "1656"]
[TimeControl "300+2"]
[EndTime "11:52:33 PDT"]
[Termination "ottovolante ha vinto per abbandono"]

1. e4 d6 2. Nc3 Nf6 3. Nf3 Nbd7 4. d4 e5 5. Bg5 c6 6. dxe5 dxe5 7. Nxe5 Nxe5 8. Qxd8+ Kxd8 9. Bxf6+ gxf6 10. O-O-O+ Kc7 11. h3 Be6 12. Be2 Bb4 13. f4 Nc4 14. Bxc4 Bxc3 15. Bxe6 fxe6 16. bxc3 b5 17. Rd2 Rad8 18. Rhd1 Rxd2 19.
Rxd2 Rd8 20. Rxd8 Kxd8 21. Kd2 Kd7 22. Ke3 Ke7 23. g4 h6 24. h4 a6 25. Kd4 Kd6 26.
c4 c5+ 27. Kc3 b4+ 28. Kd3 Ke7 29. c3 a5 30. cxb4 axb4 31. Kc2 Kd6 32. Kb2 f5 33. gxf5 exf5 34. e5+ Ke6 35. Kb3 h5 36. a3 bxa3 37. Kxa3 Kd7 38. Ka4 Kc6 39. Ka5 Kc7 40. Kb5 Kd7 41.
Kxc5 Ke6 42. Kd4 Kd7 43. c5 Kc6 44. Kc4 Kd7 45. Kd5 Ke7 46. c6 Kd8 47. e6 Kc7 48. e7 Kc8 1-0

[Event "Sera di Lampi"]
[Site "Chess.com"]
[Date "2020.04.18"]
[Round "2"]
[White "crippo"]
[Black "sirmale49"]
[Result "1-0"]
[WhiteElo "1571"]
[BlackElo "1384"]
[TimeControl "300+2"]
[EndTime "11:55:51 PDT"]
[Termination "crippo ha vinto per tempo"]

1. e4 e5 2. Nc3 Nc6 3. Nf3 Bc5 4. Bc4 Nf6 5. d3 O-O 6. Bg5 Be7 7. Be3 d6 8. Qd2 Be6 9. Bb3 h6 10. h3 Na5 11. g4 Nxb3 12. axb3 Nd7 13. h4 Nf6 14. g5 Ng4 15. O-O-O Nxe3 16. Qxe3 h5 17. Rdg1 g6 18. Nd2 c6 19. f4 f5 20. d4 exf4 21. Qxf4 d5 22.
Qe5 Qd7 23. exf5 Bd6 24. fxe6 Qe7 25. Qe3 Bf4 26. Qe2 Rae8 27. Kb1 Bxd2 28. Qxd2 Qxe6 29. Qd3 Kg7 30. Rf1 Rf5 31. Rf3 Ref8 32. Rxf5 Rxf5 33. Ka2 c5 34. dxc5 Qc6 35. Qd4+ Kh7 36. Re1 Qa6+ 37. Kb1 Rf1 38. Rd1 1-0

[Event "Sera di Lampi"]
[Site "Chess.com"]
[Date "2020.04.18"]
[Round "2"]
[White "mr6701"]
[Black "BAKR1980"]
[Result "1-0"]
[WhiteElo "1977"]
[BlackElo "1567"]
[TimeControl "300+2"]
[EndTime "11:58:02 PDT"]
[Termination "mr6701 ha vinto per scaccomatto"]

1. e4 e5 2. Nf3 Nc6 3. Bc4 Nf6 4. Nc3 Bc5 5. O-O O-O 6. d3 d6 7. Bg5 Be6 8. Nd5 Bxd5 9. Bxd5 h6 10. Bh4 Rb8 11.
c3 Qe7 12. Qd2 Nd8 13. b4 Bb6 14. a4 a5 15. b5 c6 16. Ba2 Ne6 17. Rad1 Nf4 18. d4 Ng6 19. Bxf6 Qxf6 20. c4 exd4 21. Nxd4 Bxd4 22. Qxd4 Qxd4 23. Rxd4 Rbd8 24. Rfd1 Rfe8 25.
Bb1 Ne5 26. c5 cxb5 27. axb5 Re6 28. cxd6 Nd7 29. Ba2 Re5 30. f4 Rxb5 31. e5 Rb2 32. Bd5 Re8 33. Rc1 Nb6 34. Bxb7 a4 35. Ra1 Rb8 36.
Bc6 Rd8 37. Bxa4 Ra8 38. f5 f6 39. e6 Re2 40. e7 Nxa4 41. Raxa4 Rxa4 42. Rxa4 Kf7 43.
Ra8 Re1+ 44. Kf2 Re5 45. Rf8# 1-0

[Event "Sera di Lampi"]
[Site "Chess.com"]
[Date "2020.04.18"]
[Round "3"]
[White "ottovolante"]
[Black "mr6701"]
[Result "0-1"]
[WhiteElo "1159"]
[BlackElo "1977"]
[TimeControl "300+2"]
[EndTime "12:07:47 PDT"]
[Termination "mr6701 ha vinto per tempo"]

1. d4 d5 2. Nc3 Nf6 3. Nf3 e6 4. Bf4 Bb4 5. a3 Ba5 6. e3 Ne4 7. b4 Nxc3 8. bxa5 Nxd1 9. Kxd1 c5 10. dxc5 O-O 11. Bd6 Re8 12. Ne5 Qxa5 13. Bd3 Nd7 14.
Nxd7 Bxd7 15. Ke2 b6 16. Kf3 bxc5 17. Rhb1 c4 18. Bb4 Qc7 19. Be2 e5 20. g3 Bh3 21.
Bf1 e4+ 22. Ke2 Bg4+ 23. Ke1 d4 24. a4 d3 25. cxd3 exd3 26. Bc3 Rab8 27. h3 Bf3 28.
Kd2 Rxb1 29. Rxb1 Rb8 30. Rxb8+ Qxb8 31. a5 Qb3 32. e4 Bxe4 33. g4 g5 34. f4 gxf4 35.
g5 Qa2+ 36. Ke1 f3 37. Bd2 f2+ 38. Kxf2 Qxd2+ 39. Kg1 Qe3+ 40. Kh2 c3 41. Bg2 Qe2 0-1

[Event "Sera di Lampi"]
[Site "Chess.com"]
[Date "2020.04.18"]
[Round "3"]
[White "rob_fio"]
[Black "crippo"]
[Result "1/2-1/2"]
[WhiteElo "1654"]
[BlackElo "1573"]
[TimeControl "300+2"]
[EndTime "12:07:59 PDT"]
[Termination "Patta d'accordo"]

1. d4 d5 2. e3 e6 3. Bd3 Nf6 4. f4 Bd6 5. Nf3 c6 6. Nbd2 Nbd7 7.
O-O Qc7 8. c3 Nf8 9. Ne5 Ng6 10.
Ndf3 Qe7 11. a3 Nd7 12. Nxd7 Bxd7 13. Ne5 Bc8 14. Qf3 O-O 15. Qg3 Bxe5 16. fxe5 Qh4 17. Qf3 f5 18. Bd2 Bd7 19. Be1 Qg5 20. Be2 Rf7 21.
Qh5 Qe7 22. Qh3 Raf8 23. Bh5 Qg5 24. Bxg6 Qxg6 25. Qg3 Qh6 26. Rf3 f4 27. exf4 Rxf4 28. Rxf4 Qxf4 29. Qxf4 Rxf4 30. Bg3 Rf5 31. h3 Be8 32.
Rf1 Rxf1+ 33. Kxf1 Kf7 34. Kf2 Kg6 35. h4 Kf5 36.
Ke3 h6 37. Kf3 g5 38. hxg5 hxg5 39. Be1 Bh5+ 40. Ke3 Kg4 41. g3 Kh3 42. Kf2 Bg4 43.
Bd2 Bf5 44. Bxg5 Kg4 45. Bd8 a6 46. b3 b5 47. Be7 Be4 48. b4 Bc2 49. Bh4 Be4 50.
Ke3 Bc2 51. Kd2 Be4 52. Kc1 Bd3 53. Kd2 Be4 1/2-1/2

[Event "Sera di Lampi"]
[Site "Chess.com"]
[Date "2020.04.18"]
[Round "3"]
[White "BAKR1980"]
[Black "sirmale49"]
[Result "1-0"]
[WhiteElo "1571"]
[BlackElo "1380"]
[TimeControl "300+2"]
[EndTime "12:08:08 PDT"]
[Termination "BAKR1980 ha vinto per tempo"]

1. e4 e5 2. Nf3 Nc6 3. Bc4 Nd4 4. Nxe5 Qg5 5. Bxf7+ Ke7 6. O-O Qxe5 7. Bxg8 Rxg8 8. c3 Ne6 9. d4 Qxe4 10. Re1 Qd5 11. Re5 Qc4 12. Nd2 Qa6 13. d5 d6 14. Re1 Kd8 15.
dxe6 Be7 16. Nf3 Rf8 17. Bg5 h6 18. Bxe7+ Kxe7 19. Nh4 Rf6 20. Qg4 g5 21. Nf5+ Ke8 22. Rad1 Qa5 23. Ng7+ Ke7 24. Qh5 Qb5 25. c4 Qc6 26. b4 Bxe6 27. Nxe6 Rxe6 28. Qxh6 1-0

[Event "Sera di Lampi"]
[Site "Chess.com"]
[Date "2020.04.18"]
[Round "3"]
[White "pedrak"]
[Black "SanSecondoPR"]
[Result "1-0"]
[WhiteElo "2062"]
[BlackElo "1297"]
[TimeControl "300+2"]
[EndTime "12:08:55 PDT"]
[Termination "pedrak ha vinto per tempo"]

1. d4 d5 2. Nf3 Bg4 3. Ne5 Be6 4. Bf4 Nc6 5. c3 Nf6 6. Nd2 g6 7. e3 Bg7 8. Be2 O-O 9. O-O Nd7 10. Nxc6 bxc6 11. b4 Nb6 12. Qc2 Qc8 13. Nb3 Bf5 14.
Qd2 Nd7 15. Nc5 Nxc5 16. bxc5 Qe6 17. Bxc7 Qf6 18. Bd3 e6 19. Bxf5 Qxf5 20. Rab1 Rac8 21. Bg3 h5 22. h3 g5 23. Rb7 h4 24. Bd6 Rfe8 25. Rxa7 g4 26. hxg4 Qxg4 27. Qd1 Qg6 28. Qf3 Bf6 29. Ra1 Kg7 30. a4 Rh8 31. Qh3 Rh5 32.
f4 Qe4 33. Rb7 1-0

[Event "Sera di Lampi"]
[Site "Chess.com"]
[Date "2020.04.18"]
[Round "4"]
[White "pedrak"]
[Black "ottovolante"]
[Result "1-0"]
[WhiteElo "2062"]
[BlackElo "1159"]
[TimeControl "300+2"]
[EndTime "12:12:54 PDT"]
[Termination "pedrak ha vinto per scaccomatto"]

1. d4 e6 2. Nf3 d5 3. Bf4 Nc6 4. c3 Nf6 5. e3 Bd6 6. Bg3 Bxg3 7. hxg3 Ne4 8. Nbd2 Nxd2 9. Qxd2 f6 10. Bd3 Qe7 11. Bg6+ hxg6 12. Rxh8+ Kd7 13. O-O-O a5 14. Qc2 Ra6 15.
Qxg6 Rb6 16. Rh7 Qd6 17. Rxg7+ Ne7 18. Qxf6 a4 19. Ne5+ Kd8 20. Qf8# 1-0

[Event "Sera di Lampi"]
[Site "Chess.com"]
[Date "2020.04.18"]
[Round "4"]
[White "SanSecondoPR"]
[Black "SpessoInstabile"]
[Result "0-1"]
[WhiteElo "1290"]
[BlackElo "1352"]
[TimeControl "300+2"]
[EndTime "12:17:19 PDT"]
[Termination "SpessoInstabile ha vinto per abbandono"]

1. e4 c5 2. Nf3 e6 3. d4 a6 4. Bd3 cxd4 5. Nxd4 Qc7 6. O-O e5 7. Nf5 Nf6 8. Nc3 d6 9. Bg5 Bxf5 10.
exf5 Nbd7 11. f4 h6 12. Bh4 Be7 13. fxe5 dxe5 14. Ne4 O-O 15. g4 Nxe4 16. Bxe7 Rfe8 17. Ba3 Qb6+ 18. Kh1 Nf2+ 19. Rxf2 Qxf2 20. Be4 Nf6 21. Bg2 Rad8 22. Qc1 Nxg4 23. f6 Nxf6 24. c4 Rd2 25. Qg1 Qf4 26. Rf1 Qxc4 27. Bxb7 Red8 28. Rxf6 Rd1 29.
Rf1 Rxf1 30. Bxa6 Rxg1+ 31. Kxg1 Rd1+ 32. Kf2 Qxa6 0-1

[Event "Sera di Lampi"]
[Site "Chess.com"]
[Date "2020.04.18"]
[Round "4"]
[White "BAKR1980"]
[Black "rob_fio"]
[Result "0-1"]
[WhiteElo "1565"]
[BlackElo "1660"]
[TimeControl "300+2"]
[EndTime "12:19:06 PDT"]
[Termination "rob_fio ha vinto per abbandono"]

1. e4 d6 2. d4 Nf6 3. Nc3 Nbd7 4. Bg5 e5 5. Bc4 c6 6. Nf3 h6 7. Bh4 Be7 8. Qd2 Qc7 9. O-O-O b5 10. Bd3 a5 11.
dxe5 dxe5 12. Bxb5 cxb5 13. Nxb5 Qc6 14. Nc3 Bb4 15.
Bxf6 gxf6 16. Nh4 Bxc3 17. bxc3 Rb8 18. Nf5 Kf8 19. g4 Qb5 20. Qd6+ Kg8 21. Ne7+ Kh7 22. Nxc8 Rhxc8 23. g5 hxg5 24. h4 g4 25. Rdg1 g3 26. Kd2 Nc5 27. Qxf6 Nxe4+ 28. Ke3 Nxf6 29. Rxg3 Rxc3+ 0-1

[Event "Sera di Lampi"]
[Site "Chess.com"]
[Date "2020.04.18"]
[Round "4"]
[White "mr6701"]
[Black "crippo"]
[Result "1/2-1/2"]
[WhiteElo "1970"]
[BlackElo "1580"]
[TimeControl "300+2"]
[EndTime "12:19:23 PDT"]
[Termination "Patta d'accordo"]

1. e4 e5 2. Nf3 Nc6 3. Bc4 Be7 4. d4 exd4 5. Nxd4 Nxd4 6. Qxd4 d6 7. O-O Nf6 8. Nc3 O-O 9. Nd5 Nxd5 10. Qxd5 Rb8 11. c3 Be6 12. Qd3 Bxc4 13. Qxc4 a6 14. Bf4 Qd7 15.
Rfe1 Rfc8 16. Rad1 Qe6 17. Qa4 Bf6 18. Bg3 Be5 19.
f4 Bf6 20. e5 dxe5 21. fxe5 Be7 22. Kh1 Rd8 23. a3 Rxd1 24. Rxd1 c6 25. Qe4 Rd8 26.
Rxd8+ Bxd8 27. h3 Qd7 28. Qb4 b5 29. a4 Qd1+ 30. Kh2 Bb6 31. Bf4 Bg1+ 32. Kg3 Qe1+ 33. Kg4 Qe2+ 34. Kh4 h6 35. Qe7 Bf2+ 36. g3 g5+ 37.
Bxg5 hxg5+ 38. Qxg5+ Kh7 39. Qf5+ Kg7 40. Qg5+ Kf8 41.
Qd8+ Kg7 42. Qg5+ Kf8 1/2-1/2